 Dungeon Crawl Stone Soup version 0.23.1 (webtiles) character file.

Game seed: 15070775835373670146

240 Borgoz the Ducker (level 6, -5/50 HPs)
             Began as a Ghoul Enchanter on Mar 3, 2019.
             Killed by divine providence
             ... invoked by an orc priest
              (12 damage)
             ... on level 3 of the Dungeon.
             The game lasted 00:05:25 (3332 turns).

Borgoz the Ducker (Ghoul Enchanter)                 Turns: 3332, Time: 00:05:26

Health: -5/50      AC: 10    Str: 12    XL:     6   Next: 8%
Magic:  7/7        EV: 10    Int: 10    God:
Gold:   124        SH:  0    Dex: 11    Spells: 2/8 levels left

rFire    + . .     SeeInvis .   a - +1 dagger
rCold    + . .     Gourm    .   (no shield)
rNeg     + + +     Faith    .   i - +4 scale mail {rF+}
rPois    ∞         Spirit   .   (no helmet)
rElec    .         Reflect  .   m - scarf {cloud immunity}
rCorr    .         Harm     .   (no gloves)
MR       .....                  (no boots)
Stlth    +.........             (no amulet)
HPRegen  0.00/turn              (no ring)
MPRegen  0.10/turn              (no ring)

@: rotting, invisible
A: rotting body, claws 1, carnivore, cold resistance 1, negative energy
resistance 3, inhibited regeneration, torment resistance, unbreathing
a: no special abilities


You were on level 3 of the Dungeon.
You were not hungry.

You visited 1 branch of the dungeon, and saw 3 of its levels.

You collected 124 gold pieces.

Inventory:

Hand Weapons
 a - a +1 dagger (weapon)
Missiles
 h - 35 poisoned needles
Armour
 i - a +4 scale mail of fire resistance (worn)
 m - a scarf of cloud immunity (worn)
Wands
 f - a wand of random effects (14)
Scrolls
 c - a scroll of identify
Potions
 e - a potion of haste
 g - a potion of mutation {unknown}
 j - a potion of flight
Comestibles
 b - 3 chunks of flesh
 d - 5 rations


   Skills:
 + Level 2.5 Fighting
 + Level 2.3 Short Blades
 + Level 2.0 Armour
 * Level 3.8 Dodging
 - Level 3.2 Stealth
 - Level 1.7 Spellcasting
 - Level 2.4 Hexes


You had 2 spell levels left.
You knew the following spells:

 Your Spells              Type           Power        Failure   Level  Hunger
a - Corona                Hex            #......      52%         1    ##.....
b - Ensorcelled Hibernat  Hex/Ice        #.....       83%         2    ###....
c - Confuse               Hex            #.......     88%         3    ####...

Your spell library contained the following spells:

 Spells                   Type           Power        Failure   Level  Hunger
 Tukima's Dance           Hex            #.......     88%         3    ####...
 Dazzling Spray           Conj/Hex       #.....       97%         3    ####...


Dungeon Overview and Level Annotations

Branches:
Dungeon (3/15)

Altars:
Nemelex Xobeh
Trog


Innate Abilities, Weirdness & Mutations

Your body is rotting away.
You thrive on raw meat.
You are immune to poison.
You have sharp fingernails.
You are carnivorous and can eat meat at any time.
Your flesh is cold resistant. (rC+)
You are immune to negative energy. (rN+++)
You do not regenerate when monsters are visible.
You are immune to unholy pain and torment.
You can survive without breathing.


Message History

The orc's wounds heal themselves!
Eat one of 4 chunks of flesh? (ye/n/q)
You eat one of the 4 chunks of flesh.
This raw flesh tastes great!
The orc hits you. The orc priest misses you.
You hit the orc priest but do no damage.
The orc priest is lightly wounded.
The orc closely misses you.
The orc priest calls down the wrath of Beogh upon you.
Beogh smites you!
* * * LOW HITPOINT WARNING * * *
You hit the orc priest.
The orc priest is moderately wounded.
The orc hits you.
* * * LOW HITPOINT WARNING * * *
The orc priest hits you but does no damage.
You fade into invisibility!
The orc hits you but does no damage.
The orc priest invokes the aid of Beogh against you.
Beogh smites you!
You die...

#########>#####
#........÷....###
#.####...........
#.####........###
#..............#
#..###..........#
#..# #...........
#..# #...........
#)@# #####.......
#oo# ......#
#.."# ###.. #.#..
#...# ##.## . #.


You could see an orc priest and an orc.

Vanquished Creatures
  A bullfrog (D:3)
  An iguana (D:2)
  Ijyb (D:2)
  3 adders (D:2)
  A gnoll (D:1)
  2 oozes (D:1)
  2 worms
  2 dart slugs
  A leopard gecko (D:1)
  An orc (D:3)
  3 giant cockroaches
  14 goblins
  10 hobgoblins
  3 jackals (D:3)
  A ball python (D:1)
  11 bats
  4 frilled lizards
  2 kobolds (D:1)
  5 rats (D:1)
68 creatures vanquished.

Notes
Turn   | Place    | Note
-------+----------+-------------------------------------------
     0 | D:1      | Borgoz the Ghoul Enchanter began the quest for the Orb.
     0 | D:1      | Reached XP level 1. HP: 14/14 MP: 2/2
    21 | D:1      | Reached skill level 1 in Short Blades
    44 | D:1      | Reached XP level 2. HP: 22/22 MP: 3/3
   575 | D:1      | Reached skill level 1 in Fighting
   672 | D:1      | Reached XP level 3. HP: 28/28 MP: 4/4
   861 | D:1      | Reached skill level 1 in Armour
   990 | D:1      | Reached XP level 4. HP: 22/35 MP: 5/5
  1453 | D:2      | Learned a level 2 spell: Ensorcelled Hibernation
  1457 | D:2      | Learned a level 3 spell: Confuse
  1557 | D:2      | Found a bloodstained altar of Trog.
  2085 | D:2      | Found a sparkling altar of Nemelex Xobeh.
  2150 | D:2      | Reached XP level 5. HP: 39/41 MP: 6/6
  2718 | D:2      | Noticed Ijyb
  2785 | D:2      | Killed Ijyb
  3251 | D:3      | Reached XP level 6. HP: 32/50 MP: 7/7
  3332 | D:3      | Killed from afar by an orc priest

Skill      XL: |  1  2  3  4  5 |
---------------+----------------+-----
Short Blades   | 1 2 |  2.3
Dodging        | 2 3 |  3.8
Fighting       | 1 2 |  2.5
Armour         | 1 2 |  2.0
Stealth        | |  3.2
Spellcasting   | |  1.7
Hexes          | |  2.4

Action                   |  1- 3 |  4- 6 || total
-------------------------+-------+-------++-------
Melee: Dagger            |   198 |   283 ||   481
 Cast: Ensorcelled Hiber |       |     1 ||     1
  Use: Potion            |     1 |     3 ||     4
       Scroll            |       |     6 ||     6
 Stab: Sleeping          |     3 |     4 ||     7
  Eat: Chunk             |    20 |    13 ||    33
Armor: Robe              |    40 |    29 ||    69
       Scale mail        |       |    30 ||    30
Dodge: Dodged            |   165 |   159 ||   324
